 Dungeon Crawl Stone Soup version 0.29-a0-43-g62a80824bf (webtiles) character file.

Game seed: 8278495301860886727

16692 bearlyready the Basher (level 12, -3/145 HPs)
             Began as a Gnoll Cinder Acolyte on Feb 2, 2022.
             Was an Initiate of Cheibriados.
             Slain by a killer bee zombie (4 damage)
             ... on level 9 of the Dungeon on Mar 7, 2022.
             The game lasted 00:31:03 (13194 turns).

bearlyready the Basher (Gnoll Cinder Acolyte)      Turns: 13194, Time: 00:31:03

Health: -3/145     AC: 44    Str: 16    XL:     12   Next: 40%
Magic:  6/23       EV:  2    Int: 18    God:    Cheibriados [......]
Gold:   1740       SH:  6    Dex:  9    Spells: 18/26 levels left

rFire   . . .      SeeInvis .   J - +3 flail (protect)
rCold   . . .      Faith    .   R - +1 buckler {AC+3}
rNeg    . . .      Spirit   .   (armour currently unavailable)
rPois   +          Reflect  .   (helmet currently unavailable)
rElec   .          Harm     .   (cloak currently unavailable)
rCorr   .          Rampage  .   (gloves currently unavailable)
Will    .....      Rage     1%  (boots currently unavailable)
Stlth   +++....... NoTele   +   (no amulet)
HPRegen 0.34/turn               Z - +4 ring of protection
MPRegen 0.18/turn               D - +4 ring of protection

@: brilliant, lethally poisoned (-3 -> -4), tree-form, weak-willed, under a
protective aura, attractive, fire susceptible, very slow
A: stationary, stasis, torment immunity, boosted hp, (fangs 1), strong nose,
distributed training, (iridescent scales 1), berserk 1
a: Renounce Religion


You were on level 9 of the Dungeon.
You worshipped Cheibriados.
Cheibriados was noncommittal.
You were a tree.
You visited 2 branches of the dungeon, and saw 10 of its levels.

You collected 1740 gold pieces.

Inventory:

Hand Weapons
 b - a +0 hunting sling
 c - a +2 dagger of venom
 J - a +3 flail of protection (weapon)
 X - a +0 morningstar
 Y - a +5 falchion of freezing
Missiles
 e - 8 atropa-tipped darts
 h - 347 stones
 i - 81 sling bullets
 w - 5 curare-tipped darts
 G - 28 poisoned darts
 K - 3 boomerangs
 P - a throwing net
 S - 2 silver boomerangs
 W - 29 bolts
Armour
 l - a +1 helmet
 s - a scarf of repulsion (melded)
 v - the +3 hat of Pondering (melded) {ponderous, Will+ MP+10 Int+5}
   (You found it on level 9 of the Dungeon)

   Int:       It affects your intelligence (+5).
   MP:        It affects your magic capacity (+10).
   Will:      It increases your willpower.
 y - a +1 pair of gloves (melded)
 z - the +5 scale mail "Hiyle" {Contam Will+ Str+2 Int+4}
   (You found it on level 9 of the Dungeon)

   Str:       It affects your strength (+2).
   Int:       It affects your intelligence (+4).
   Contam:    It causes magical contamination when unequipped.
   Will:      It increases your willpower.
 C - the +1 robe of Action {Harm rElec rC+++ Int-3}
   (You found it on level 4 of the Dungeon)

   Int:       It affects your intelligence (-3).
   rC:        It renders you almost immune to cold.
   rElec:     It insulates you from electricity.
   Harm:      It increases damage dealt and taken.
 R - a +1 buckler of protection (worn)
 T - a +0 troll leather armour (melded)
Magical Staves
 n - a staff of air
Jewellery
 D - a +4 ring of protection (right branch)
 I - a ring of ice
 N - a ring of see invisible
 Z - a +4 ring of protection (left branch)
Wands
 a - a wand of paralysis (3)
 E - a wand of polymorph (6)
 H - a wand of flame (20)
 U - a wand of iceblast (7)
Scrolls
 o - a scroll of magic mapping
 t - 2 scrolls of amnesia
 A - 2 scrolls of noise
 O - a scroll of vulnerability
Potions
 f - 3 potions of curing
 j - 2 potions of degeneration
 q - 2 potions of berserk rage
 r - a potion of mutation
 F - a potion of invisibility {unknown}
 M - a potion of haste {unknown}
 Q - 4 potions of flight
Miscellaneous
 u - a piece from Xom's chessboard (15/15)


   Skills:
 + Level 9.8 Fighting
 + Level 7.2 Short Blades
 + Level 7.2 Long Blades
 + Level 7.2 Axes
 + Level 9.8 Maces & Flails
 + Level 7.2 Polearms
 + Level 7.2 Staves
 + Level 7.2 Slings
 + Level 7.2 Bows
 + Level 7.2 Crossbows
 + Level 7.2 Throwing
 + Level 7.2 Armour
 + Level 7.2 Dodging
 + Level 7.2 Stealth
 + Level 7.2 Shields
 + Level 7.2 Unarmed Combat
 + Level 7.8 Spellcasting
 + Level 6.0 Conjurations
 + Level 6.0 Hexes
 + Level 6.0 Summonings
 + Level 6.0 Necromancy
 + Level 6.0 Translocations
 + Level 6.0 Transmutations
 + Level 8.2 Fire Magic
 + Level 6.0 Ice Magic
 + Level 6.0 Air Magic
 + Level 6.0 Earth Magic
 + Level 6.0 Poison Magic
 + Level 7.9 Invocations
 + Level 7.2 Evocations


You had 18 spell levels left.
You knew the following spells:

 Your Spells              Type           Power      Damage    Failure   Level
a - Scorch                Fire           100%       2d10      1%          2
b - Wereblood             Tmut           43%        N/A       1%          2
c - Hailstorm             Conj/Ice       43%        3d10      10%         4

Your spell library contained the following spells:

 Spells                   Type           Power      Damage    Failure   Level
 Beastly Appendage        Tmut           86%        N/A       1%          1
 Sublimation of Blood     Necr           43%        N/A       1%          2
 Spider Form              Tmut/Pois      43%        N/A       3%          3
 Ice Form                 Ice/Tmut       43%        N/A       10%         4
 Olgreb's Toxic Radiance  Pois           43%        N/A       10%         4
 Simulacrum               Ice/Necr       21%        N/A       83%         6
 Ozocubu's Refrigeration  Ice            21%        4d9       100%        7
 Summon Hydra             Summ           21%        N/A       100%        7
 Ignition                 Fire           26%        3d9       100%        8


Dungeon Overview and Level Annotations

Branches:
Dungeon (9/15)             Temple (1/1) D:5            Lair (0/6) D:9
    Orc: D:9-12

Altars:
Ashenzari
Cheibriados
Dithmenos
Elyvilon
Fedhas
Gozag
Hepliaklqana
Kikubaaqudgha
Makhleb
Nemelex Xobeh
Okawaru
Qazlal
Ru
Sif Muna
Trog
Uskayaw
Vehumet
Wu Jian
Xom
Yredelemnul
Zin
The Shining One

Shops:
D:3 [   D:5 :   D:8 (


Innate Abilities, Weirdness & Mutations

You are a tree.
Your roots penetrate the ground, keeping you stationary.
You cannot be teleported.
You are immune to unholy pain and torment.
Your maximum health is greatly increased.
Your equipment is partially melded.
((You have very sharp teeth.))
Your uncanny sense of smell can sniff out nearby items.
Your experience applies equally to all skills.
((You are partially covered in iridescent scales. (AC +2)))
You tend to lose your temper in combat.


Message History

Cheibriados rebukes the seven-headed hydra.
The seven-headed hydra seems to slow down.
Cheibriados rebukes something.
You can no longer bend time to slow others.
Cheibriados lowers the support of your attributes as your movement quickens.
You feel sick.
The centaur warrior's inner flame fades away.
The centaur warrior hits you but does no damage.
The centaur warrior kicks you but does no damage.
The acid dragon bites you but does no damage.
The acid dragon claws you but does no damage.
The seven-headed hydra bites you but does no damage.
The seven-headed hydra bites you.
* * * LOW HITPOINT WARNING * * *
The seven-headed hydra bites you but does no damage. x3
The seven-headed hydra bites you.
* * * LOW HITPOINT WARNING * * *
The seven-headed hydra bites you but does no damage.
Something is attracted toward you.
The centaur warrior is attracted toward you.
Okay, then.
Okay, then.
You sock the seven-headed hydra!
Flame seeps out of the seven-headed hydra.
Your weapon exudes an aura of protection.
The seven-headed hydra is moderately wounded.
* * * LOW HITPOINT WARNING * * *
You feel sick.
The seven-headed hydra's inner flame fades away.
The centaur warrior hits you but does no damage.
The centaur warrior kicks you but does no damage.
The acid dragon spits acid at you.
The splash of acid hits you but does no damage.
The killer bee zombie is attracted toward you.
The centaur warrior is attracted toward you.
You sock the seven-headed hydra!
The seven-headed hydra is heavily wounded.
The centaur warrior seems to regain its courage.
The killer bee zombie hits you.
You die...

.##########.........♣............
........).).C....................
#######'############.............
...'..()...)....# ##.############
...#...[)†.#....###..............
...#.....†.#...)..#..............
...##..⌠(.##....§.###....'#######
.####.....####)c{...######.≈≈≈≈≈≈
.# ##...## #..♣Dc§# #≈...... ##
#...# ###ZD§.# #≈.♣♣♣♣♣ #####
#.§..# #≈.♣ ... ####§# #≈.♣ ..D.
#o§[# #≈.♣ ..... #..{gz# #≈.♣
..... #......t## #≈.♣♣♣♣♣
.'...⌠...'.####≈......
.#.......#....#.≈≈≈≈≈≈


You could see a seven-headed hydra (slow, weak-willed), 2 centaur warriors, an
acid dragon (slow, catching breath) and a killer bee zombie.

Vanquished Creatures
  2 hydras (D:9)
  A two-headed ogre (D:9)
  2 centaur warriors (D:9)
  A tengu warrior (D:8)
  An ugly thing (D:8)
  A manticore (D:9)
  A centaur zombie (D:6)
  2 freezing wraiths (D:9)
  A tengu conjurer (D:9)
  2 trolls
  Grinder (D:6)
  A hornet (D:9)
  3 slime creatures
  A basilisk (D:9)
  A wraith (D:9)
  2 wyverns
  14 yaks
  3 fire elementals (D:9)
  4 steam dragons
  Edmund (D:5)
  Menkaure (D:4)
  5 water moccasins
  An acid dragon (D:8)
  6 orc warriors
  2 black bears
  An ice beast (shapeshifter) (D:9)
  2 sky beasts
  5 ogres
  8 centaurs
  A phantom (D:7)
  2 kobold brigands (D:8)
  6 bullfrogs
  A gnoll sergeant (D:9)
  3 scorpions
  A wyvern skeleton (D:7)
  A killer bee (D:9)
  4 howler monkeys (D:9)
  11 wights
  2 hounds (D:5)
  4 jellies
  2 gnoll shamans
  7 orc priests
  2 bullfrog skeletons
  2 centaur skeletons
  Ijyb (D:5)
  3 iguanas
  15 orc wizards
  A killer bee zombie (D:9)
  Robin (D:1)
  2 howler monkey zombies (D:8)
  5 gnolls (D:5)
  8 adders
  2 shadow imps (D:7)
  2 white imps (D:5)
  2 ufetubi
  An adder skeleton (D:4)
  3 worms
  32 orcs
  12 endoplasms
  3 giant cockroaches
  12 goblins
  16 hobgoblins
  2 jackals (D:1)
  9 kobolds
  4 quokkas
  8 ball pythons
  5 bats
  6 frilled lizards
  5 rats
285 creatures vanquished.

Vanquished Creatures (collateral kills)
  A howler monkey zombie (D:9)
1 creature vanquished.

Vanquished Creatures (others)
  Gastronok (D:9)
  A manticore (D:9)
  A cyclops (D:9)
  A wyvern (D:9)
  A basilisk (D:9)
  A steam dragon (D:9)
  A bush (D:9)
  115 foxfires
  5 fungi (D:9)
  19 plants (D:9)
146 creatures vanquished.

Grand Total: 432 creatures vanquished

Notes
Turn   | Place    | Note
-------+----------+-------------------------------------------
     0 | D:1      | bearlyready the Gnoll Cinder Acolyte began the quest for
                  | the Orb.
     0 | D:1      | Reached XP level 1. HP: 23/23 MP: 4/4
   286 | D:1      | Reached XP level 2. HP: 29/29 MP: 5/5
  1048 | D:1      | Learned a level 2 spell: Scorch
  1285 | D:1      | Reached XP level 3. HP: 35/35 MP: 7/7
  1820 | D:2      | Reached skill level 1 in Invocations
  2058 | D:2      | Noticed Robin
  2062 | D:2      | Reached skill level 1 in Short Blades
  2062 | D:2      | Reached skill level 1 in Long Blades
  2062 | D:2      | Reached skill level 1 in Axes
  2062 | D:2      | Reached skill level 1 in Polearms
  2062 | D:2      | Reached skill level 1 in Staves
  2062 | D:2      | Reached skill level 1 in Slings
  2062 | D:2      | Reached skill level 1 in Bows
  2062 | D:2      | Reached skill level 1 in Crossbows
  2062 | D:2      | Reached skill level 1 in Throwing
  2062 | D:2      | Reached skill level 1 in Armour
  2062 | D:2      | Reached skill level 1 in Dodging
  2062 | D:2      | Reached skill level 1 in Stealth
  2062 | D:2      | Reached skill level 1 in Shields
  2062 | D:2      | Reached skill level 1 in Unarmed Combat
  2062 | D:2      | Reached skill level 1 in Evocations
  2074 | D:1      | Killed Robin
  2075 | D:1      | Reached XP level 4. HP: 23/41 MP: 3/8
  2449 | D:2      | Reached skill level 1 in Conjurations
  2449 | D:2      | Reached skill level 1 in Hexes
  2449 | D:2      | Reached skill level 1 in Summonings
  2449 | D:2      | Reached skill level 1 in Necromancy
  2449 | D:2      | Reached skill level 1 in Translocations
  2449 | D:2      | Reached skill level 1 in Transmutations
  2449 | D:2      | Reached skill level 1 in Ice Magic
  2449 | D:2      | Reached skill level 1 in Air Magic
  2449 | D:2      | Reached skill level 1 in Earth Magic
  2449 | D:2      | Reached skill level 1 in Poison Magic
  2892 | D:3      | Reached XP level 5. HP: 47/47 MP: 9/9
  3072 | D:3      | Found Jipuqoc's Antique Armour Boutique.
  3854 | D:4      | Noticed an ogre
  3882 | D:4      | Killed an ogre
  3883 | D:4      | Reached XP level 6. HP: 28/53 MP: 10/11
  4299 | D:4      | Noticed Menkaure
  4301 | D:4      | Killed Menkaure
  4386 | D:4      | Identified the +1 robe of Action {Harm rElec rC+++ Int-3}
  4445 | D:4      | Reached XP level 7. HP: 59/59 MP: 12/12
  4569 | D:4      | You fall into a shaft and drop 3 floors!
  4579 | D:7      | Noticed a troll
  4858 | D:6      | Reached XP level 8. HP: 57/67 MP: 14/14
  5048 | D:6      | Noticed a yak
  5054 | D:6      | Noticed a yak
  5114 | D:6      | Noticed a yak
  5263 | D:6      | Learned a level 2 spell: Wereblood
  5266 | D:5      | Entered Level 5 of the Dungeon
  5326 | D:5      | Noticed Ijyb
  5786 | D:5      | Killed Ijyb
  5827 | D:5      | Noticed Edmund
  5836 | D:5      | Killed Edmund
  5960 | D:5      | Found Zuxin's Book Shoppe.
  5968 | D:5      | Found a staircase to the Ecumenical Temple.
  6214 | D:5      | Reached XP level 9. HP: 72/72 MP: 16/16
  6544 | D:5      | Reached skill level 5 in Spellcasting
  6708 | D:6      | Noticed Grinder
  6753 | D:6      | Killed Grinder
  7039 | D:6      | Reached skill level 5 in Invocations
  7423 | D:6      | Reached XP level 10. HP: 54/80 MP: 6/18
  7720 | D:6      | Found a shimmering blue altar of Sif Muna.
  8079 | D:7      | Reached skill level 5 in Short Blades
  8079 | D:7      | Reached skill level 5 in Long Blades
  8079 | D:7      | Reached skill level 5 in Axes
  8079 | D:7      | Reached skill level 5 in Polearms
  8079 | D:7      | Reached skill level 5 in Staves
  8079 | D:7      | Reached skill level 5 in Slings
  8079 | D:7      | Reached skill level 5 in Bows
  8079 | D:7      | Reached skill level 5 in Crossbows
  8079 | D:7      | Reached skill level 5 in Throwing
  8079 | D:7      | Reached skill level 5 in Armour
  8079 | D:7      | Reached skill level 5 in Dodging
  8079 | D:7      | Reached skill level 5 in Stealth
  8079 | D:7      | Reached skill level 5 in Shields
  8079 | D:7      | Reached skill level 5 in Unarmed Combat
  8079 | D:7      | Reached skill level 5 in Evocations
  9667 | D:8      | Found Taklacs's Weapon Shop.
  9949 | D:8      | Identified a scroll of acquirement
  9954 | D:8      | Acquired 1290 gold pieces
  9960 | D:8      | Noticed a tengu warrior
 10688 | D:8      | Noticed a red ugly thing
 10694 | D:8      | Killed a red ugly thing
 10695 | D:8      | Reached XP level 11. HP: 87/87 MP: 11/20
 10761 | D:8      | Killed a tengu warrior
 11053 | D:9      | Noticed Gastronok
 11066 | D:9      | Killed Gastronok
 11067 | D:9      | Reached skill level 5 in Conjurations
 11067 | D:9      | Reached skill level 5 in Hexes
 11067 | D:9      | Reached skill level 5 in Summonings
 11067 | D:9      | Reached skill level 5 in Necromancy
 11067 | D:9      | Reached skill level 5 in Translocations
 11067 | D:9      | Reached skill level 5 in Transmutations
 11067 | D:9      | Reached skill level 5 in Ice Magic
 11067 | D:9      | Reached skill level 5 in Air Magic
 11067 | D:9      | Reached skill level 5 in Earth Magic
 11067 | D:9      | Reached skill level 5 in Poison Magic
 11109 | D:9      | Identified the +5 scale mail "Hiyle" {Contam Will+ Str+2
                  | Int+4}
 12142 | D:9      | Found a staircase to the Lair.
 12194 | D:9      | Noticed a manticore
 12195 | D:9      | Noticed a six-headed hydra
 12196 | D:9      | Noticed a cyclops
 12215 | D:9      | Killed a manticore
 12325 | Temple   | Entered the Ecumenical Temple
 12576 | Temple   | Fell from the grace of Ignis
 12576 | Temple   | Became a worshipper of Cheibriados the Contemplative
 12848 | D:9      | Noticed a centaur warrior
 12859 | D:9      | Killed a centaur warrior
 12865 | D:9      | Reached XP level 12. HP: 77/96 MP: 3/23
 12888 | D:9      | Learned a level 4 spell: Hailstorm
 12980 | D:9      | Noticed a five-headed hydra
 12990 | D:9      | Killed a six-headed hydra
 12990 | D:9      | Reached * piety under Cheibriados
 13030 | D:9      | Noticed a centaur warrior
 13037 | D:9      | Killed a centaur warrior
 13101 | D:9      | Noticed a two-headed ogre
 13108 | D:9      | Killed a two-headed ogre
 13145 | D:9      | Killed a five-headed hydra
 13151 | D:9      | Noticed a centaur warrior
 13154 | D:9      | Noticed a centaur warrior
 13158 | D:9      | Noticed a seven-headed hydra
 13179 | D:9      | Gained mutation: You tend to lose your temper in combat.
                  | [potion of mutation]
 13179 | D:9      | Gained mutation: You are partially covered in iridescent
                  | scales. (AC +2) [potion of mutation]
 13192 | D:9      | HP: 2/145 [seven-headed hydra (6)]
 13194 | D:9      | Slain by a killer bee zombie

Illustrated notes

Levels and vault maps discovered:
D:1:      dpeg_arrival_windows_large_door, layout_loops_corners
D:2:      layout_rooms, st_stairs_13, uniq_robin
D:3:      layout_basic, serial_shops, nicolae_shop_window_shopping
D:4:      layout_loops_corners, uniq_menkaure
D:5:      layout_rooms, minmay_temple_entry_sparse_star, serial_shops, shop,
          uniq_ijyb, uniq_edmund
D:6:      layout_cave_pools, kennysheep_orc_sif_temple, hex_medium, uniq_grinder
D:7:      layout_layer_cave
D:8:      minmay_chambers_of_sevens, layout_loops_ring, serial_shops,
          nicolae_diamond_shop
D:9:      layout_long_grid, minmay_lair_entry_grove, kennysheep_pointless_box,
          nicolae_rejected_hall, uniq_gastronok
Temple:   minmay_crystal_snake_temple

Skill      XL: |  1  2  3  4  5  6  7  8  9 10 11 12 |
---------------+-------------------------------------+-----
Invocations    | 1 2 3 4 5 6 7 |  7.9
Short Blades   | 1 2 3 4 5 6 7 |  7.2
Long Blades    | 1 2 3 4 5 6 7 |  7.2
Axes           | 1 2 3 4 5 6 7 |  7.2
Polearms       | 1 2 3 4 5 6 7 |  7.2
Staves         | 1 2 3 4 5 6 7 |  7.2
Slings         | 1 2 3 4 5 6 7 |  7.2
Bows           | 1 2 3 4 5 6 7 |  7.2
Crossbows      | 1 2 3 4 5 6 7 |  7.2
Throwing       | 1 2 3 4 5 6 7 |  7.2
Armour         | 1 2 3 4 5 6 7 |  7.2
Dodging        | 1 2 3 4 5 6 7 |  7.2
Stealth        | 1 2 3 4 5 6 7 |  7.2
Shields        | 1 2 3 4 5 6 7 |  7.2
Unarmed Combat | 1 2 3 4 5 6 7 |  7.2
Evocations     | 1 2 3 4 5 6 7 |  7.2
Spellcasting   | 3 4 5 6 7 |  7.8
Conjurations   | 1 2 3 4 5 6 |  6.0
Hexes          | 1 2 3 4 5 6 |  6.0
Summonings     | 1 2 3 4 5 6 |  6.0
Necromancy     | 1 2 3 4 5 6 |  6.0
Translocations | 1 2 3 4 5 6 |  6.0
Transmutations | 1 2 3 4 5 6 |  6.0
Ice Magic      | 1 2 3 4 5 6 |  6.0
Air Magic      | 1 2 3 4 5 6 |  6.0
Earth Magic    | 1 2 3 4 5 6 |  6.0
Poison Magic   | 1 2 3 4 5 6 |  6.0
Fighting       | 7 8 9 |  9.8
Maces & Flails | 7 8 9 |  9.8
Fire Magic     | 6 7 8 |  8.2

Action                   |  1- 3 |  4- 6 |  7- 9 | 10-12 || total
-------------------------+-------+-------+-------+-------++-------
Melee: Mace              |   125 |    43 |    12 |       ||   180
       Bite              |     8 |     4 |     5 |    19 ||    36
       Flail             |       |       |    28 |   164 ||   192
Throw: Dart              |       |     1 |       |       ||     1
 Cast: Scorch            |    25 |    52 |   151 |   211 ||   439
       Wereblood         |       |       |       |     4 ||     4
Invok: Foxfire Swarm     |       |       |     1 |     7 ||     8
       Fiery Armour      |       |       |       |     1 ||     1
       Bend Time         |       |       |       |     6 ||     6
Evoke: Wand              |       |       |     2 |    26 ||    28
  Use: Scroll            |       |       |     2 |    15 ||    17
       Potion            |       |       |       |     6 ||     6
 Stab: Sleeping          |       |       |       |     1 ||     1
       Paralysed         |       |       |       |     3 ||     3
Armor: Robe              |    48 |     6 |    51 |   131 ||   236
       Leather armour    |       |    15 |     1 |       ||    16
       Troll leather arm |       |       |       |   141 ||   141
       Skin              |       |       |       |    31 ||    31
Dodge: Dodged            |   106 |    42 |    63 |   238 ||   449
       Repelled          |       |       |     2 |     5 ||     7
Block: Buckler           |       |       |    18 |   121 ||   139

Table legend: (Time is in decaauts)
 A = Elapsed time spent in this place.
 B = Non-inter-level travel time spent in this place.
 C = Inter-level travel time spent in this place.
 D = Time resting spent in this place.
 E = Time spent auto-exploring this place.
 F = Levels seen in this place.
 G = Mean time per level.
                   A        B        C        D        E       F      G
               +--------+--------+--------+--------+--------+-----+--------+
         Total |  13369 |  12754 |    615 |   1197 |   8888 |  10 | 1336.9 |
       Dungeon |  13084 |  12534 |    550 |   1197 |   8686 |   9 | 1453.8 |
        Temple |    284 |    220 |     64 |      0 |    202 |   1 |  284.0 |
               +--------+--------+--------+--------+--------+-----+--------+

Top non-repeatable levels by time:
     D:8: 2628 daAuts
     D:1: 2124 daAuts
     D:7: 1753 daAuts
     D:4: 1581 daAuts
     D:6: 1345 daAuts
     D:9: 1246 daAuts
     D:5: 976 daAuts
     D:2: 775 daAuts
     D:3: 653 daAuts
  Temple: 284 daAuts
